 Dungeon Crawl Stone Soup version 0.25.0-11-g1f837a76a1 (webtiles) character file.

Game seed: 5249291988633512219

51664 Apogee the Grappler (level 14, 143/144 HPs)
             Began as a Troll Fighter on June 26, 2020.
             Was the Champion of Makhleb.
             Quit the game on level 15 of the Dungeon.
             The game lasted 00:41:55 (16456 turns).

Apogee the Grappler (Troll Fighter)                Turns: 16456, Time: 00:41:55

Health: 143/144    AC: 16    Str: 35    XL:     14   Next: 24%
Magic:  29/29      EV: 31    Int:  6    God:    Makhleb [******]
Gold:   1890       SH: 12    Dex:  9    Spells: 13/13 levels left

rFire    x . .     SeeInvis .     - Unarmed
rCold    + . .     Gourm    +   x - +0 kite shield
rNeg     . . .     Faith    .   u - +0 ice dragon scales
rPois    +         Spirit   .   (helmet restricted)
rElec    .         Reflect  .   r - +2 cloak
rCorr    .         Harm     .   (gloves unavailable)
MR       ++...                  (boots unavailable)
Stlth    ..........             W - amulet of the acrobat
HPRegen  0.74/turn              o - +4 ring of evasion
MPRegen  0.21/turn              G - ring "Ebouwo Fiow" {rPois rC- MR+ MP+9 Str+4}

@: acrobat
A: large, unfitting armour, claws 3, blink, clever 1, fast metabolism 3,
gourmand, regeneration 1, shaggy fur 1, tough skin 3
a: Blink, Minor Destruction, Lesser Servant of Makhleb, Major Destruction,
Greater Servant of Makhleb, Renounce Religion


You were on level 15 of the Dungeon.
You worshipped Makhleb.
Makhleb was exalted by your worship.
You were completely stuffed.

You visited 3 branches of the dungeon, and saw 19 of its levels.
You also visited: Gauntlet and Ice Cave.

You collected 1890 gold pieces.

Inventory:

Hand Weapons
 b - a +1 whip of freezing
Missiles
 l - 468 stones (quivered)
 N - 18 poisoned darts
Armour
 r - a +2 cloak (worn)
 u - +0 ice dragon scales (worn)
 x - a +0 kite shield (worn)
 y - a scarf of repulsion
 B - +0 steam dragon scales
Jewellery
 m - an uncursed amulet of magic regeneration
 o - a +4 ring of evasion (left claw)
 G - the ring "Ebouwo Fiow" (right claw) {rPois rC- MR+ MP+9 Str+4}
   (You found it in a Gauntlet)

   [ring of magical power]

   It affects your strength (+4).
   It makes you vulnerable to cold.
   It protects you from poison.
   It affects your resistance to hostile enchantments.
   It affects your magic capacity (+9).
 O - an uncursed ring of wizardry
 Q - an uncursed ring of fire
 T - an uncursed ring of see invisible
 U - an uncursed ring of stealth
 W - an amulet of the acrobat (around neck)
Wands
 a - a wand of clouds (5)
 c - a wand of iceblast (19)
 k - a wand of acid (3)
 n - a wand of polymorph (19)
 z - a wand of flame (34)
 F - a wand of digging (5)
 K - a wand of random effects (13)
 L - a wand of disintegration (17)
Scrolls
 f - 2 scrolls of noise
 g - 6 scrolls of fear
 h - 2 scrolls of amnesia
 i - 11 scrolls of identify
 j - 11 scrolls of teleportation
 p - 4 scrolls of fog
 s - 5 scrolls of remove curse
 w - 4 scrolls of blinking
 A - 2 scrolls of magic mapping
 C - a scroll of enchant armour
Potions
 e - 7 potions of curing
 q - 2 potions of stabbing
 t - a potion of brilliance
 v - 3 potions of flight
 E - a potion of might
 I - 2 potions of haste {unknown}
 J - a potion of ambrosia {unknown}
 P - a potion of magic {unknown}
 R - 2 potions of cancellation
 S - a potion of heal wounds
Miscellaneous
 H - a lightning rod (4/4)
Comestibles
 d - 35 rations


   Skills:
 + Level 10.4 Fighting
 - Level 10.0 Dodging
 - Level 9.0 Shields
 + Level 12.5 Unarmed Combat
 - Level 10.0 Invocations


You had 13 spell levels left.
You didn't know any spells.
Your spell library contained the following spells:

 Spells                   Type           Power        Failure   Level  Hunger
 Apportation              Tloc           #.....       75%         1    ##.....
 Beastly Appendage        Tmut           #.....       75%         1    ##.....
 Magic Dart               Conj           #...         75%         1    ##.....
 Sting                    Tmut/Pois      #...         75%         1    ##.....
 Summon Butterflies       Summ           #.......     75%         1    ##.....
 Blink                    Tloc           N/A          86%         2    ###....
 Call Imp                 Summ           #.......     86%         2    ###....
 Poisonous Vapours        Pois/Air       #.....       86%         2    ###....
 Slow                     Hex            #.......     86%         2    ###....
 Sticks to Snakes         Tmut           #.......     86%         2    ###....
 Conjure Flame            Conj/Fire      #.......     98%         3    ####...
 Ignite Poison            Fire/Tmut/Pois #.......     98%         3    ####...
 Lesser Beckoning         Tloc           #.........   98%         3    ####...
 Mephitic Cloud           Conj/Pois/Air  #.......     98%         3    ####...
 Spider Form              Tmut/Pois      #.........   98%         3    ####...
 Tukima's Dance           Hex            #.......     98%         3    ####...
 Cause Fear               Hex            #.........   100%        4    #####..
 Ice Form                 Ice/Tmut       #.......     100%        4    #####..
 Olgreb's Toxic Radiance  Pois           #.......     100%        4    #####..
 Alistair's Intoxication  Tmut/Pois      #.......     100%        5    ######.
 Blade Hands              Tmut           #.........   100%        5    ######.
 Silence                  Hex/Air        #.........   100%        5    ######.
 Yara's Violent Unravell  Hex/Tmut       #.........   100%        5    ######.
 Invisibility             Hex            #.......     100%        6    #######
 Discord                  Hex            #.........   100%        8    #######


Dungeon Overview and Level Annotations

Branches:
Dungeon (15/15)            Temple (1/1) D:7            Lair (3/6) D:10
 Shoals (0/4) Lair:3       Spider (0/4) Lair:2          Orc (0/2) D:10
 Vaults (0/5) D:13         Depths (0/5) D:15          IceCv (visited)
Gauntlet (visited)

Altars:
Ashenzari
Elyvilon
Fedhas
Hepliaklqana
Kikubaaqudgha
Makhleb
Okawaru
Ru
Sif Muna
Trog
Uskayaw
Vehumet
Xom
Yredelemnul
Zin
The Shining One

Shops:
D:4 (

Annotations:
D:3 Sigmund
Lair:1 exclusion: 2 oklob plants


Innate Abilities, Weirdness & Mutations

You are too large for most types of armour.
You have claws for hands.
Your metabolism is lightning-fast.
You like to eat raw meat.
Your natural rate of healing is unusually fast.
You are covered in fur. (AC +1)
You have extremely tough skin. (AC +3)
You can translocate small distances at will.
Your mind is acute. (Int +2)


Message History

You kill the hornet!
Makhleb accepts your kill.
No target in view!
You see here a hornet corpse.
A shadow comes into view.
The shadow slips into darkness.
The shadow flickers and vanishes!
Deactivating autopickup; reactivate with Ctrl-A.
There is a strange disturbance nearby!
There is a strange disturbance nearby!
No target in view!
No target in view!
No target in view!
The shadow strikes at you from the darkness!
Reactivating autopickup.
You mangle the shadow!!
You destroy the shadow!
Makhleb accepts your kill.
You feel better.
Are you sure you want to abandon this character and quit the game? (Confirm with "yes".)

#.######### .........#
... .........# #.#
#..))....# #.#
#..[.....# #.#
.....)...#######.#######
#..............#.#......
#.......<......#.#......
+..............#@#......
################.#######
.........# #.#
.####....# #.#
.####....#######.####
..............#.....#
..............#.....##
........................
########################


There were no monsters in sight!

Vanquished Creatures
  A minotaur (Gauntlet)
  Harold (D:7)
  A hydra (Lair:3)
  3 centaur warriors
  2 ice dragons (IceCv)
  A hell beast (Gauntlet)
  2 two-headed ogres (D:12)
  4 death yaks (Lair:3)
  2 tengu warriors
  9 skeletal warriors
  2 unseen horrors
  Pikel (D:3)
  A wolf spider zombie (D:13)
  A deep elf mage (D:9)
  A cyclops (D:12)
  A manticore (Lair:3)
  3 ugly things
  An oklob plant (D:10)
  Maurice (D:13)
  A black mamba (Lair:1)
  2 ice statues (IceCv)
  3 gargoyles
  5 spiny frogs
  4 centaur skeletons
  3 rime drakes
  7 komodo dragons
  A guardian mummy (D:14)
  A polar bear (Lair:2)
  3 slime creatures (D:12)
  3 hornets
  3 blink frogs (Lair:2)
  Grinder (D:6)
  9 hippogriffs
  7 dream sheep (Lair:3)
  A spriggan (Lair:2)
  A shadow (D:15)
  28 yaks
  3 wraiths
  3 wyverns
  2 hogs (shapeshifter)
  A hungry ghost (D:14)
  A basilisk (Lair:3)
  2 steam dragons
  A soldier ant (D:11)
  An acid dragon (D:12)
  4 water moccasins
  4 porcupines
  A hell hound (Gauntlet)
  5 sky beasts
  17 ice beasts
  3 black bears
  2 eyes of draining
  A necrophage (D:9)
  6 orc warriors
  2 slaves
  A tengu (shapeshifter) (D:13)
  10 wolves
  6 ogres
  11 centaurs
  4 crocodiles
  13 bullfrogs
  2 wyvern zombies
  A water moccasin zombie (D:7)
  8 scorpions
  2 killer bees (D:9)
  3 howler monkeys
  3 electric eels
  6 crimson imps
  3 bullfrog zombies
  2 centaur zombies (D:7)
  A jelly (D:9)
  7 hounds
  2 quasits
  A bullfrog skeleton (D:8)
  5 orc priests
  10 orc wizards
  3 gnoll shamans
  3 iguanas
  Natasha (thrice) (D:2)
  11 worker ants
  A killer bee zombie (D:9)
  2 hound zombies
  A hound skeleton (D:6)
  19 gnolls
  9 adders
  2 shadow imps
  12 white imps (D:14)
  An ooze (D:4)
  2 adder skeletons
  An adder zombie (D:8)
  4 worms
  3 dart slugs
  7 leopard geckos
  45 orcs
  4 bats
  6 giant cockroaches
  6 goblins
  2 hobgoblins (D:3)
  8 jackals
  4 quokkas
  6 frilled lizards
  A giant cockroach zombie (D:6)
  5 kobolds
  A leopard gecko zombie (D:8)
  A quokka skeleton (D:4)
  A quokka zombie (D:10)
  5 rats
  A demonic plant (Gauntlet)
  A plant (D:10)
462 creatures vanquished.

Vanquished Creatures (collateral kills)
  A fire dragon (D:13)
  2 hydras
  An ice dragon (Lair:1)
  A death yak (shapeshifter) (D:13)
  A deep troll (D:13)
  A yak (Lair:1)
  A bullfrog (Lair:1)
  2 killer bees (D:9)
10 creatures vanquished.

Vanquished Creatures (others)
  A tengu conjurer (D:14)
  13 demonic plants (Gauntlet)
  5 fungi
  5 plants (Lair:3)
24 creatures vanquished.

Grand Total: 496 creatures vanquished

Notes
Turn   | Place    | Note
-------+----------+-------------------------------------------
     0 | D:1      | Apogee the Troll Fighter began the quest for the Orb.
     0 | D:1      | Reached XP level 1. HP: 22/22 MP: 0/0
   240 | D:1      | Reached XP level 2. HP: 29/29 MP: 1/1
   504 | D:2      | Found a burning altar of Makhleb.
   518 | D:2      | Became a worshipper of Makhleb the Destroyer
   582 | D:2      | Reached skill level 3 in Unarmed Combat
   691 | D:2      | Noticed Natasha
   700 | D:2      | Noticed a crimson imp
   702 | D:2      | Killed Natasha
   702 | D:2      | Reached XP level 3. HP: 11/36 MP: 2/2
   780 | D:2      | Reached skill level 4 in Unarmed Combat
  1035 | D:2      | Noticed Natasha
  1043 | D:2      | Killed Natasha
  1043 | D:2      | Reached XP level 4. HP: 28/44 MP: 3/3
  1346 | D:2      | Noticed Natasha
  1350 | D:2      | Killed Natasha
  1386 | D:3      | Noticed Sigmund
  1481 | D:3      | Reached skill level 5 in Unarmed Combat
  1499 | D:3      | Reached XP level 5. HP: 42/50 MP: 4/4
  1604 | D:3      | Reached * piety under Makhleb
  1635 | D:3      | Reached skill level 6 in Unarmed Combat
  2126 | D:4      | Found a shattered altar of Ashenzari.
  2132 | D:4      | Noticed an ogre
  2139 | D:4      | Killed an ogre
  2139 | D:4      | Reached XP level 6. HP: 59/59 MP: 5/5
  2235 | D:4      | Found Largh's Weapon Shoppe.
  2236 | D:4      | Noticed a slave
  2236 | D:4      | Noticed a slave
  2236 | D:4      | Noticed a slave
  2236 | D:4      | Noticed a slave
  2237 | D:4      | Noticed Pikel
  2267 | D:3      | Reached ** piety under Makhleb
  2473 | D:4      | Killed a slave
  2533 | D:4      | Reached XP level 7. HP: 46/66 MP: 6/6
  2623 | D:4      | Reached skill level 7 in Unarmed Combat
  2681 | D:3      | Killed Pikel
  2681 | D:3      | Reached skill level 8 in Unarmed Combat
  2681 | D:3      | Reached XP level 8. HP: 55/78 MP: 7/7
  2758 | D:5      | Entered Level 5 of the Dungeon
  3241 | D:5      | Found a white marble altar of Elyvilon.
  3313 | D:5      | Gained mutation: You tend to lose your temper in combat.
                  | [potion of mutation]
  3313 | D:5      | Gained mutation: Your muscles are strong. (Str +2) [potion
                  | of mutation]
  3349 | D:5      | Lost mutation: Your muscles are strong. (Str +2) [potion of
                  | mutation]
  3349 | D:5      | Lost mutation: You tend to lose your temper in combat.
                  | [potion of mutation]
  3349 | D:5      | Gained mutation: Scrolls take you a little longer to read.
                  | [potion of mutation]
  3349 | D:5      | Gained mutation: Your mind is acute. (Int +2) [potion of
                  | mutation]
  3349 | D:5      | Lost mutation: Scrolls take you a little longer to read.
                  | [potion of mutation]
  3349 | D:5      | Gained mutation: You can translocate small distances at
                  | will. [potion of mutation]
  3351 | D:6      | Found a hide-covered altar of Uskayaw.
  3351 | D:6      | Noticed a +0 hand axe
  3351 | D:6      | Noticed a +0 dagger
  3391 | D:6      | Reached skill level 5 in Fighting
  3541 | D:6      | Noticed Grinder
  3551 | D:6      | Killed Grinder
  3992 | D:6      | Found a glowing golden altar of the Shining One.
  4099 | D:7      | Noticed Harold
  4116 | D:7      | Killed Harold
  4116 | D:7      | Reached skill level 5 in Dodging
  4116 | D:7      | Reached XP level 9. HP: 80/89 MP: 8/8
  4209 | D:7      | Found a staircase to the Ecumenical Temple.
  4451 | D:7      | Reached skill level 5 in Shields
  4596 | D:7      | Found a hazy altar of Hepliaklqana.
  4597 | D:7      | Found an iron altar of Okawaru.
  4902 | Temple   | Entered the Ecumenical Temple
  4987 | D:8      | Found a shimmering altar of Xom.
  5115 | D:8      | Reached *** piety under Makhleb
  5219 | D:8      | Found a sacrificial altar of Ru.
  5808 | D:9      | Reached XP level 10. HP: 83/98 MP: 9/9
  6029 | D:9      | Noticed a deep elf mage
  6045 | D:9      | Killed a deep elf mage
  6102 | D:9      | Noticed a six-headed hydra
  6360 | D:9      | Reached skill level 1 in Invocations
  6732 | D:9      | Killed a six-headed hydra
  6962 | D:9      | Reached **** piety under Makhleb
  7171 | D:9      | Reached skill level 9 in Unarmed Combat
  7390 | D:10     | Entered Level 10 of the Dungeon
  7527 | D:10     | Found a staircase to the Orcish Mines.
  7654 | D:10     | Noticed an oklob plant
  7858 | D:10     | Reached skill level 10 in Unarmed Combat
  7858 | D:10     | Reached XP level 11. HP: 105/105 MP: 13/13
  7907 | D:10     | Paralysed by a hornet for 2 turns
  8064 | D:10     | Found a staircase to the Lair.
  8299 | D:10     | Killed an oklob plant
  8353 | Lair:1   | Entered Level 1 of the Lair of Beasts
  8422 | Lair:1   | Noticed an ice dragon
  8463 | Lair:1   | Killed an ice dragon
  8772 | Lair:1   | Noticed a four-headed hydra
  8790 | Lair:1   | Killed a seven-headed hydra
  8935 | Lair:1   | Noticed an oklob plant
  8935 | Lair:1   | Noticed an oklob plant
  9468 | Lair:2   | Found a hole to the Spider Nest.
  9851 | Lair:2   | Reached ***** piety under Makhleb
 10363 | Lair:3   | Found a gate leading to a gauntlet.
 10368 | Gauntlet | Entered a Gauntlet
 10368 | Gauntlet | Found a transporter.
 10369 | Gauntlet | Found a large runed translucent door.
 10370 | Gauntlet | Found a large runed translucent door.
 10371 | Gauntlet | Found a large runed translucent door.
 10371 | Gauntlet | Found a large runed translucent door.
 10371 | Gauntlet | Found a runed translucent door.
 10372 | Gauntlet | Found a large runed translucent door.
 10373 | Gauntlet | Found a large runed translucent door.
 10374 | Gauntlet | Found a large runed translucent door.
 10374 | Gauntlet | Found a large runed translucent door.
 10375 | Gauntlet | Found a runed translucent gate.
 10375 | Gauntlet | Found a runed translucent gate.
 10376 | Gauntlet | Noticed a catoblepas
 10377 | Gauntlet | Found a transporter.
 10385 | Gauntlet | Found a runed translucent gate.
 10385 | Gauntlet | Found a runed translucent door.
 10386 | Gauntlet | Found a large runed translucent door.
 10386 | Gauntlet | Found a large runed translucent door.
 10387 | Gauntlet | Found a large runed translucent door.
 10388 | Gauntlet | Found a large runed translucent door.
 10392 | Gauntlet | Found a transporter.
 10397 | Gauntlet | Found a transporter.
 10417 | Gauntlet | Found a transporter.
 10419 | Gauntlet | Noticed a blizzard demon
 10431 | Gauntlet | Found a transporter.
 10431 | Gauntlet | Noticed a hell beast
 10443 | Gauntlet | Found a transporter.
 10443 | Gauntlet | Noticed a two-headed ogre
 10443 | Gauntlet | Noticed a shock serpent
 10443 | Gauntlet | a two-headed ogre changed into a shock serpent
 10448 | Gauntlet | Noticed a two-headed ogre
 10448 | Gauntlet | a shock serpent changed into a two-headed ogre
 10454 | Gauntlet | Noticed an anaconda
 10454 | Gauntlet | a two-headed ogre changed into an anaconda
 10455 | Gauntlet | Found a transporter.
 10455 | Gauntlet | Noticed a green death
 10457 | Gauntlet | Noticed a fire dragon
 10457 | Gauntlet | an anaconda changed into a fire dragon
 10459 | Gauntlet | a fire dragon changed into something unseen
 10464 | Gauntlet | Noticed a thrashing horror
 10467 | Gauntlet | Found a transporter.
 10470 | Gauntlet | Noticed a thrashing horror
 10500 | Gauntlet | Noticed an anaconda
 10500 | Gauntlet | a swamp worm changed into an anaconda
 10504 | Gauntlet | an anaconda changed into a merfolk
 10526 | Gauntlet | Noticed an entropy weaver
 10527 | Gauntlet | Noticed an alligator
 10527 | Gauntlet | an entropy weaver changed into an alligator
 10531 | Gauntlet | an alligator changed into something unseen
 10538 | Gauntlet | Noticed a six-headed hydra
 10540 | Gauntlet | Noticed a catoblepas
 10540 | Gauntlet | a six-headed hydra changed into a catoblepas
 10542 | Gauntlet | Noticed an entropy weaver
 10542 | Gauntlet | a catoblepas changed into an entropy weaver
 10543 | Gauntlet | Noticed a minotaur
 10543 | Gauntlet | an entropy weaver changed into a minotaur
 10546 | Gauntlet | Noticed a fire dragon
 10546 | Gauntlet | a minotaur changed into a fire dragon
 10547 | Gauntlet | Noticed an ice dragon
 10547 | Gauntlet | a fire dragon changed into an ice dragon
 10564 | Gauntlet | Noticed a green death
 10565 | Gauntlet | Found a transporter.
 10615 | Gauntlet | Noticed a swamp dragon
 10630 | Gauntlet | Found a transporter.
 10632 | Gauntlet | Found a transporter.
 10637 | Gauntlet | Noticed a mana viper
 10637 | Gauntlet | a swamp dragon changed into a mana viper
 10733 | Gauntlet | Found a transporter.
 10744 | Gauntlet | Found a transporter.
 10749 | Gauntlet | Found a transporter.
 10788 | Gauntlet | Found a transporter.
 10790 | Gauntlet | Found a transporter.
 10806 | Gauntlet | Found a large runed translucent door.
 10806 | Gauntlet | Found a large runed translucent door.
 10807 | Gauntlet | Found a large runed translucent door.
 10808 | Gauntlet | Found a large runed translucent door.
 10827 | Gauntlet | Reached skill level 5 in Invocations
 10838 | Gauntlet | Found a transporter.
 10898 | Gauntlet | Got a crude amber ring
 10905 | Gauntlet | Killed a hell beast
 10905 | Gauntlet | Reached XP level 12. HP: 29/119 MP: 13/15
 11035 | Gauntlet | Identified the ring "Ebouwo Fiow" {rPois rC- MR+ MP+9
                  | Str+4} (You found it in a Gauntlet)
 11044 | Gauntlet | Identified the cursed +0 hand axe of Discord {speed,
                  | *Contam rC+++ Int+4 Dex+4}
 11044 | Gauntlet | Identified the +3 plate armour "Kusoedow" {rF+++ rC- Regen+
                  | Str+7}
 11044 | Gauntlet | Noticed a minotaur
 11061 | Gauntlet | Killed a minotaur
 11221 | Lair:3   | Found a staircase to the Shoals.
 11364 | Lair:3   | Noticed a death yak
 11373 | Lair:3   | Noticed a death yak
 11375 | Lair:3   | Noticed a death yak
 11392 | Lair:3   | Noticed a death yak
 11401 | Lair:3   | Killed a death yak
 11406 | Lair:3   | Killed a death yak
 11415 | Lair:3   | Killed a death yak
 11417 | Lair:3   | Killed a death yak
 11418 | Lair:3   | Reached skill level 11 in Unarmed Combat
 11756 | Lair:3   | Reached skill level 12 in Unarmed Combat
 12071 | Lair:3   | Noticed a four-headed hydra
 12081 | Lair:3   | Killed a seven-headed hydra
 12282 | D:11     | Reached XP level 13. HP: 129/130 MP: 18/18
 13303 | D:12     | Reached skill level 10 in Fighting
 14271 | D:13     | Reached ****** piety under Makhleb
 14344 | D:13     | Noticed a spark wasp
 14344 | D:13     | a great orb of eyes changed into a spark wasp
 14344 | D:13     | Noticed a fire dragon
 14352 | D:13     | a spark wasp changed into an ice dragon
 14353 | D:13     | Noticed a spark wasp
 14353 | D:13     | an ice dragon changed into a spark wasp
 14356 | D:13     | a spark wasp changed into a tyrant leech
 14357 | D:13     | Noticed an entropy weaver
 14357 | D:13     | a tyrant leech changed into an entropy weaver
 14360 | D:13     | Killed a fire dragon
 14361 | D:13     | an entropy weaver changed into a death yak
 14505 | D:13     | Found a gate to the Vaults.
 14573 | D:13     | Noticed Maurice
 14596 | D:13     | Killed Maurice
 14596 | D:13     | Reached skill level 10 in Dodging
 15061 | D:14     | Found a frozen archway.
 15068 | IceCv    | Entered an ice cave
 15208 | IceCv    | Reached XP level 14. HP: 143/143 MP: 20/20
 15329 | IceCv    | Reached skill level 10 in Invocations
 16313 | D:15     | Entered Level 15 of the Dungeon
 16313 | D:15     | Found a staircase to the Depths.
 16456 | D:15     | Quit the game

Illustrated notes

Levels and vault maps discovered:
D:1:      dpeg_arrival_arbitrary_c, layout_basic
D:2:      kennysheep_big_flooded_room, layout_basic, old_standard_altar,
          uniq_natasha
D:3:      layout_loops_cross, first_ration, minmay_misc_feat_chi,
          chequers_serial_rivers_micro_e, minmay_fractal_squares_diagonal_5,
          uniq_sigmund
D:4:      layout_gridville, serial_shops, nicolae_shop_stone,
          cheibrodos_ashenzari_chains, uniq_pikel
D:5:      layout_loops_ring, elyvilon_altar_5
D:6:      layout_loops_ring, dancing_weapons_uskayaw, tso_altar,
          minmay_fractal_squares_5, uniq_grinder
D:7:      lemuel_upstairs_altar, layout_loops_corners,
          gammafunk_temple_overflow_pools, minmay_temple_entry_drinking_statues,
          uniq_harold
D:8:      layout_basic, lemuel_round_altar, overflow_temple_1_default
D:9:      hangedman_cross_cluster, layout_long_grid
D:10:     layout_loops_cross, dpeg_oklobed_lair, david_orc_2
D:11:     layout_irregular_city
D:12:     layout_long_grid, serial_rivers, chequers_serial_rivers_large_b,
          chequers_serial_rivers_room_b, chequers_serial_rivers_micro_c,
          chequers_serial_rivers_room_a
D:13:     layout_small_grid, david_vaults_4, grunt_tengu_nest, uniq_maurice
D:14:     layout_rooms, portal_ice_cave_entry_imps, grunt_ministairs_12
D:15:     gammafunk_depths_entry_grave, layout_stronghold,
          serial_co_window_serial, co_window_corner_a, co_window_corner_a,
          co_window_of_opportunity_a, co_window_of_opportunity_a,
          co_window_of_opportunity_a, co_window_paths_a, co_window_paths_c,
          co_window_corner_b, co_window_corner_cb, co_window_unsneaky_path_b,
          co_window_4corner_b, glass_columns_a, glass_columns_c, glass_columns_a
Temple:   eino_narrow_crystal_temple
Lair:1:   dragon1_lemuel, layout_chaotic_city, grunt_megastairs_5,
          infiniplex_staircase_pool_2, minmay_lair_oklob_chamber,
          serial_bayou_shore_a, lemuel_fruit_tree
Lair:2:   layout_loops_ring, nicolae_spider_entry_non_spiders, st_stairs_13,
          grunt_forest_stairs_clearing, serial_bayou_shore_b,
          infiniplex_staircase_pool
Lair:3:   layout_regular_city, minmay_shoals_entry_beasts,
          gauntlet_entry_generic

Skill      XL: |  1  2  3  4  5  6  7  8  9 10 11 12 13 14 |
---------------+-------------------------------------------+-----
Unarmed Combat | 3 4 5 6 8 10 12 | 12.5
Shields        | 3 4 7 8 9 |  9.0
Fighting       | 3 6 8 10 | 10.4
Dodging        | 5 6 8 10 | 10.0
Invocations    | 4 5 8 9 10 | 10.0

Action                   |  1- 3 |  4- 6 |  7- 9 | 10-12 | 13-15 || total
-------------------------+-------+-------+-------+-------+-------++-------
Melee: Unarmed           |    69 |   137 |   231 |   749 |   556 ||  1742
       Punch             |     1 |     3 |    15 |       |       ||    19
       Whip              |       |       |       |     3 |       ||     3
Throw: Throwing net      |       |       |     2 |     1 |       ||     3
Invok: Lesser Servant of |       |       |       |     7 |       ||     7
       Greater Servant o |       |       |       |       |     1 ||     1
 Abil: Blink             |       |       |       |     1 |       ||     1
Evoke: Wand              |       |       |       |     2 |     2 ||     4
  Use: Potion            |       |     1 |     8 |     6 |     1 ||    16
       Scroll            |       |       |    13 |     2 |     3 ||    18
 Stab: Sleeping          |       |     2 |       |       |       ||     2
       Held in net/web   |       |       |     1 |     2 |       ||     3
       Distracted        |       |       |       |     1 |       ||     1
  Eat: Chunk             |     7 |    18 |    30 |    60 |    41 ||   156
       Ration            |       |     1 |       |       |       ||     1
Armor: Robe              |    15 |    47 |    65 |    44 |       ||   171
       Steam dragon scal |       |       |       |     9 |       ||     9
       Ice dragon scales |       |       |       |   110 |   162 ||   272
Dodge: Dodged            |    26 |    48 |   153 |   343 |   233 ||   803
Block: Kite shield       |       |       |       |   378 |   265 ||   643
